 Seeded DCSS version 0.28.0-62-gf88900778d (webtiles) character file.

Game seed: 13591998346360536447 (custom seed)

7 Psyclone the Conjurer (level 2, 0/19 HPs)
             Began as a Gnoll Conjurer on Oct 27, 2023.
             Slain by a ball python (1 damage)
             ... on level 1 of the Dungeon.
             The game lasted 00:00:08 (360 turns).

Psyclone the Conjurer (Gnoll Conjurer)               Turns: 360, Time: 00:00:08

Health: 0/19       AC:  2    Str:  6    XL:     2   Next: 4%
Magic:  6/7        EV: 13    Int: 17    God:
Gold:   14         SH:  0    Dex: 10    Spells: 9/10 levels left

rFire   . . .      SeeInvis .   (no weapon)
rCold   . . .      Faith    .   (no shield)
rNeg    . . .      Spirit   .   a - +0 robe
rPois   .          Reflect  .   (no helmet)
rElec   .          Harm     .   (no cloak)
rCorr   .          Rampage  .   (no gloves)
Will    .....                   (no boots)
Stlth   ++........              (no amulet)
HPRegen 0.06/turn               (no ring)
MPRegen 0.10/turn               (no ring)

@: no status effects
A: fangs 1, strong nose, distributed training
a: no special abilities


You were on level 1 of the Dungeon.
You visited 1 branch of the dungeon, and saw 2 of its levels.

You collected 14 gold pieces.

Inventory:

Armour
 a - a +0 robe (worn)


   Skills:
 + Level 0.2 Fighting
 + Level 0.2 Short Blades
 + Level 0.2 Long Blades
 + Level 0.2 Axes
 + Level 0.2 Maces & Flails
 + Level 0.2 Polearms
 + Level 0.2 Staves
 + Level 0.2 Slings
 + Level 0.2 Bows
 + Level 0.2 Crossbows
 + Level 0.2 Throwing
 + Level 0.2 Armour
 + Level 4.4 Dodging
 + Level 4.0 Stealth
 + Level 0.2 Shields
 + Level 0.2 Unarmed Combat
 + Level 4.9 Spellcasting
 + Level 7.0 Conjurations
 + Level 0.1 Hexes
 + Level 0.1 Summonings
 + Level 0.1 Necromancy
 + Level 0.1 Translocations
 + Level 0.1 Transmutations
 + Level 0.1 Fire Magic
 + Level 0.1 Ice Magic
 + Level 0.1 Air Magic
 + Level 0.1 Earth Magic
 + Level 0.1 Poison Magic
 + Level 0.3 Invocations
 + Level 0.2 Evocations


You had 9 spell levels left.
You knew the following spells:

 Your Spells              Type           Power      Damage    Failure   Level
a - Magic Dart            Conj           100%       1d8       1%          1

Your spell library contained the following spells:

 Spells                   Type           Power      Damage    Failure   Level
 Searing Ray              Conj           56%        2d6       1%          2
 Shock                    Conj/Air       64%        1d7       3%          1
 Dazzling Flash           Conj/Hex       32%        N/A       10%         3
 Fulminant Prism          Conj/Hex       8%         3d7       32%         4
 Iskenderun's Mystic Bla  Conj/Tloc      16%        2d5       32%         4
 Swiftness                Air            4%         N/A       38%         3
 Airstrike                Air            2%         N/A       80%         4


Dungeon Overview and Level Annotations

Branches:
Dungeon (2/15)

Altars:


Innate Abilities, Weirdness & Mutations

You have very sharp teeth.
Your uncanny sense of smell can sniff out nearby items.
Your experience applies equally to all skills.


Message History

The rat bites you. The ball python barely misses you. x2
You take 2 damage, and have 12/19 hp.
You hit the rat but do no damage. You bite the rat, but do no damage.
The rat barely misses you. The ball python closely misses you.
The ball python grabs you. The ball python constricts you.
You closely miss the rat. The rat closely misses you.
The ball python bites you but does no damage.
The ball python constricts you.
You barely miss the rat. The ball python barely misses you.
The ball python constricts you. The rat barely misses you.
You hit the rat but do no damage. The ball python barely misses you.
The ball python constricts you. The rat bites you.
You barely miss the rat. The ball python misses you.
The ball python constricts you. The rat bites you. The ball python bites you.
The ball python constricts you.
You hit the rat.
The rat is heavily wounded.
The rat bites you.
* * * LOW HITPOINT WARNING * * *
The ball python misses you. The ball python constricts you.
* * * LOW HITPOINT WARNING * * *
You hit the rat but do no damage.
The rat is heavily wounded.
The rat bites you but does no damage. The ball python barely misses you.
The ball python constricts you.
You hit the rat.
You kill the rat!
The ball python barely misses you. The ball python constricts you.
* * * LOW HITPOINT WARNING * * *
You escape the ball python's grasp.
A bat comes into view.
The ball python closely misses you. The ball python grabs you.
The ball python constricts you.
You see here a rat corpse.
You escape the ball python's grasp.
The ball python bites you.
* * * LOW HITPOINT WARNING * * *
The ball python barely misses you. The ball python bites you.
You die...

>......>†.[..♣.♣.P...P....
#......#.......♣P..P.....P
..#.#.....#..♣.P....♣.♣...
# #.######.........♣....
... #?###..♣.....♣....
#### #.................
#†#########.....(.
#S#...... ....... #@...#
#.... #....# #....# #.(..#
# #....# #.b..# ###...
.... # ...


You could see a bat (asleep) and a ball python.

Vanquished Creatures
  3 jackals (D:1)
  A kobold (D:1)
  3 rats (D:1)
7 creatures vanquished.

Notes
Turn   | Place    | Note
-------+----------+-------------------------------------------
     0 | D:1      | Psyclone the Gnoll Conjurer began the quest for the Orb.
     0 | D:1      | Reached XP level 1. HP: 13/13 MP: 6/6
   271 | D:2      | Identified a scroll of acquirement
   271 | D:2      | Acquired a book of Air
   333 | D:1      | Reached XP level 2. HP: 19/19 MP: 5/7
   360 | D:1      | Slain by a ball python

Illustrated notes

Levels and vault maps discovered:
D:1:      wander_arrival_fairy_ring, layout_basic, chequers_serial_rivers_room_a
D:2:      layout_loops_ring, shapermc_ecumenical_altar_venn, uniq_natasha

Action                   || total
-------------------------++-------
Melee: Unarmed           ||    10
       Bite              ||     1
 Cast: Magic Dart        ||     8
  Use: Scroll            ||     1
Armor: Robe              ||     2
Dodge: Dodged            ||    23
